 Dungeon Crawl Stone Soup version 0.31.0-12-g77e489cdc1 (webtiles) character file.

Game seed: 15605329157828637286

133 Gadfly the Sneak (level 4, -8/22 HPs)
             Began as a Spriggan Enchanter on Feb 17, 2024.
             Mangled by Edmund
             ... wielding a +2 flail of pain
              (10 damage)
             ... on level 4 of the Dungeon.
             The game lasted 00:03:43 (2578 turns).

Gadfly the Sneak (Spriggan Enchanter)               Turns: 2578, Time: 00:03:44

Health: -8/22      AC:  2    Str:  4    XL:     4   Next: 94%
Magic:  1/10       EV: 18    Int: 22    God:
Gold:   3          SH:  0    Dex: 17    Spells: 4/9 levels left

rFire   . . .        a - +2 dagger
rCold   . . .        (no shield)
rNeg    . . .        g - +0 animal skin
rPois   .            (helmet restricted)
rElec   .            (no cloak)
rCorr   .            (gloves unavailable)
SInv    +            (boots unavailable)
Will    .....        (no amulet)
Stlth   +++          k - +6 ring of intelligence
HPRegen 0.23/turn    (no ring)
MPRegen 0.12/turn

%: no passive effects
@: very quick
A: very small, no large weapons, unfitting armour, see invisible, speed 3
a: no special abilities


You were on level 4 of the Dungeon.
You visited 1 branch of the dungeon, and saw 4 of its levels.

You collected 138 gold pieces.
You spent 135 gold pieces at shops.

Inventory:

Hand Weapons
 a - a +2 dagger (weapon)
Armour
 g - a +0 animal skin (worn)
Jewellery
 k - a +6 ring of intelligence (left hand)
Scrolls
 b - a scroll of vulnerability
 e - a scroll of enchant weapon
Potions
 c - 2 potions of invisibility
 d - a potion of haste
 f - 2 potions of enlightenment {unknown}
 h - a potion of brilliance {unknown}
 j - a potion of curing {unknown}


   Skills:
 + Level 1.3 Fighting
 + Level 2.2 Short Blades
 + Level 3.5 Dodging
 + Level 5.2 Stealth
 + Level 3.4 Spellcasting
 + Level 4.2 Hexes
 + Level 1.6 Evocations


You had 4 spell levels left.
You knew the following spells:

 Your Spells              Type           Power      Damage    Failure   Level
a - Ensorcelled Hibernat  Hex/Ice        26%        N/A       8%          2
b - Confusing Touch       Hex            22%        N/A       6%          3

Your spell library contained the following spells:

 Spells                   Type           Power      Damage    Failure   Level
 Tukima's Dance           Hex            22%        N/A       6%          3
 Dazzling Flash           Conj/Hex       26%        N/A       16%         3
 Passwall                 Erth           3%         N/A       34%         3
 Swiftness                Air            3%         N/A       34%         3


Dungeon Overview and Level Annotations

Branches:
Dungeon (4/15)
 Temple: D:4-7

Altars:

Shops:
D:3 *

Annotations:
D:4 Edmund


Innate Abilities, Weirdness & Mutations

You are very small and have problems with some larger weapons.
You are too small for most types of armour.
You have supernaturally acute eyesight. (SInv)
You cover ground extremely quickly. (Speed+++)


Message History

A jelly comes into view.
You start resting.
Edmund is nearby!
Edmund looks drowsy...
You can't see any susceptible monsters within range! (Use Z to cast anyway.)
The helpless Edmund fails to defend himself.
You impale Edmund!!
Edmund is heavily wounded.
Edmund hits you with a +2 flail of pain.
Edmund is unaffected.
Edmund closely misses you.
Casting: Ensorcelled Hibernation (safe; 8% risk of failure)
Confirm with . or Enter, or press ? or * to list all spells.
Your hands begin to glow red.
Edmund hits you with a +2 flail of pain.
You hit Edmund but do no damage.
Edmund appears confused.
Edmund is heavily wounded.
Edmund misses you.
Edmund barely misses himself.
You catch the helpless Edmund completely off-guard!
You puncture Edmund!
Edmund is almost dead.
You hit Edmund.
Edmund is almost dead.
Edmund hits you with a +2 flail of pain.
You hit Edmund but do no damage.
Edmund is almost dead.
Edmund gestures wildly.
Edmund hits you with a +2 flail of pain!
Ouch! That really hurt!
* * * LOW HITPOINT WARNING * * *
You writhe in agony.
* * * LOW HITPOINT WARNING * * *
You hit Edmund but do no damage.
Edmund is almost dead.
Edmund misses you.
You hit Edmund but do no damage.
Edmund is almost dead.
You hit Edmund.
Edmund is almost dead.
Edmund hits you with a +2 flail of pain!
You die...

.....
#l..#
#.5.#
#..$#
#)@.# ##
#...#
+.####...#
#.<..#...#
###.@#...#
+..@5!.#
#####..#
..# ###


You could see Edmund (confused) and a lemure.

Vanquished Creatures
  A jelly (D:4)
  Robin (D:2)
  3 adders
  2 dart slugs (D:1)
  2 bats
  4 endoplasms
  2 giant cockroaches
  12 goblins
  8 hobgoblins
  7 jackals
  2 quokkas
  5 ball pythons
  4 frilled lizards
  4 kobolds
  A rat (D:3)
58 creatures vanquished.

Notes
Turn   | Place    | Note
-------+----------+-------------------------------------------
     0 | D:1      | Gadfly the Spriggan Enchanter began the quest for the Orb.
     0 | D:1      | Reached XP level 1. HP: 9/9 MP: 5/5
   145 | D:1      | Reached XP level 2. HP: 3/13 MP: 6/6
   148 | D:1      | Learned a level 2 spell: Ensorcelled Hibernation
   623 | D:2      | Reached XP level 3. HP: 13/17 MP: 8/8
   631 | D:2      | Noticed Robin
  1202 | D:2      | Reached skill level 1 in Fighting
  1261 | D:2      | Killed Robin
  1262 | D:2      | Reached skill level 1 in Evocations
  1279 | D:2      | Learned a level 3 spell: Confusing Touch
  1327 | D:2      | Reached XP level 4. HP: 15/22 MP: 6/9
  1824 | D:3      | Reached skill level 5 in Stealth
  1989 | D:3      | Found Zaedem's Assorted Antiques.
  2001 | D:3      | Bought a ruby ring for 135 gold pieces
  2553 | D:4      | Noticed Edmund
  2553 | D:4      | Noticed a lemure
  2555 | D:4      | Noticed a lemure
  2575 | D:4      | HP: 1/22 [Edmund/+2 flail of pain (1)]
  2578 | D:4      | Mangled by Edmund

Illustrated notes

Levels and vault maps discovered:
D:1:      lightli_arrival_chessboard, layout_loops_cross
D:2:      layout_loops_cross, uniq_robin
D:3:      layout_basic, serial_shops, shop
D:4:      nicolae_cairo_tiling_large, layout_basic, uniq_menkaure, uniq_edmund,
          uniq_pikel

Skill      XL: |  1  2  3  4 |
---------------+-------------+-----
Dodging        | 3 |  3.5
Spellcasting   | 3 |  3.4
Hexes          | 4 |  4.2
Fighting       | 1 |  1.3
Short Blades   | 2 |  2.2
Evocations     | 1 |  1.6
Stealth        | 5 |  5.2

Action                     |  1- 3 |  4- 6 || total
---------------------------+-------+-------++-------
  Melee: Dagger            |   124 |    43 ||   167
   Cast: Ensorcelled Hiber |     8 |     9 ||    17
         Confusing Touch   |       |     1 ||     1
    Use: Scroll            |     4 |     4 ||     8
   Stab: Sleeping          |    22 |     5 ||    27
         Confused          |       |     1 ||     1
 Armour: Robe              |    27 |       ||    27
         Animal skin       |     1 |    13 ||    14
  Dodge: Dodged            |   105 |    34 ||   139
